TOP OF THE 1ST |
Athens Assassins batting - Pitching for State College Spikes : RHP Chris Mitchell
|
Pitching: RHP Chris Mitchell
|
|
Batting: RHB Randall Walker
|
0-0: Ball 1-0: Swinging Strike 1-1: Swinging Strike 1-2: Ball 2-2: Ball 3-2: Strikes out swinging
|
Batting: RHB Jorge Loanos
|
0-0: Ball 1-0: Called Strike 1-1: Ball 2-1: Called Strike 2-2: Foul Ball, location: 2F 2-2: SINGLE (Groundball, 6MD)
|
Batting: RHB Roderick Silva
|
0-0: Ball 1-0: Fly out, F8 (Flyball, 8LD)
|
Batting: RHB Foster Hapgood
|
0-0: Ball 1-0: Ball 2-0: Swinging Strike 2-1: Foul Ball, location: 2F 2-2: Strikes out swinging
|
Top of the 1st over - 0 run(s), 1 hit(s), 0 error(s), 1 left on base; Athens 0 - State College 0 |
BOTTOM OF THE 1ST |
State College Spikes batting - Pitching for Athens Assassins : RHP Júlio Lucchi
|
Pitching: RHP Júlio Lucchi
|
|
Batting: SHB Greg Butterfield
|
0-0: Ball 1-0: Foul Ball, location: 2F 1-1: SINGLE (Groundball, 34D)
|
Batting: RHB Blair Whitehead
|
0-0: Ball 1-0: Ground out 5-3 (Groundball, 56S) Greg Butterfield to second
|
Batting: RHB Matt Tucker
|
0-0: Called Strike 0-1: Foul Ball, location: 2F 0-2: Strikes out swinging
|
Batting: RHB Mike Ingram
|
0-0: Ball 1-0: Ground out 5-3 (Groundball, 56)
|
Bottom of the 1st over - 0 run(s), 1 hit(s), 0 error(s), 1 left on base; Athens 0 - State College 0 |
TOP OF THE 2ND |
Athens Assassins batting - Pitching for State College Spikes : RHP Chris Mitchell
|
Batting: RHB Bernardo Corona
|
0-0: Called Strike 0-1: Fly out, F2 (Popup, 2R)
|
Batting: RHB Emílio García
|
0-0: Called Strike 0-1: Ball 1-1: SINGLE (Line Drive, 78S)
|
Batting: SHB David Boyle
|
0-0: Ball 1-0: Grounds into double play, 5-4-3 (Groundball, 56)
|
Top of the 2nd over - 0 run(s), 1 hit(s), 0 error(s), 0 left on base; Athens 0 - State College 0 |
BOTTOM OF THE 2ND |
State College Spikes batting - Pitching for Athens Assassins : RHP Júlio Lucchi
|
Batting: RHB Eric Knight
|
0-0: SINGLE (Flyball, 9S)
|
Batting: SHB Thomas Simmons
|
0-0: Foul Ball, location: 2F 0-1: Called Strike 0-2: Ball 1-2: Ball 2-2: Ball 3-2: 2-RUN HOME RUN (Flyball, 7LD), Distance : 322 ft
|
Batting: RHB Joaquín Vásquez
|
0-0: Foul Ball, location: 2F 0-1: Foul Ball, location: 2F 0-2: Ball 1-2: Fly out, F9 (Flyball, 89M)
|
Batting: RHB Alonzo Herrera
|
0-0: Ball 1-0: Foul Ball, location: 2F 1-1: Foul Ball, location: 2F 1-2: Ball 2-2: Ball 3-2: Hit by Pitch
|
Batting: RHB Diego Benítez
|
0-0: Ball Alonzo Herrera is caught stealing 2nd base 1-0: Ball 2-0: Foul Ball, location: 2F 2-1: Ball 3-1: Base on Balls
|
Batting: SHB Greg Butterfield
|
0-0: Fly out, F6 (Flyball, 56D)
|
Bottom of the 2nd over - 2 run(s), 2 hit(s), 0 error(s), 1 left on base; Athens 0 - State College 2 |
TOP OF THE 3RD |
Athens Assassins batting - Pitching for State College Spikes : RHP Chris Mitchell
|
Batting: RHB Britt Short
|
0-0: Ball 1-0: Called Strike 1-1: Ball 2-1: Swinging Strike 2-2: Ball 3-2: Strikes out looking
|
Batting: RHB James Anderson
|
0-0: Called Strike 0-1: Ball 1-1: Swinging Strike 1-2: Strikes out swinging
|
Batting: RHB Randall Walker
|
0-0: Called Strike 0-1: Ball 1-1: Foul Ball, location: 2F 1-2: Foul Ball, location: 2F 1-2: Ball 2-2: Strikes out swinging
|
Top of the 3rd over - 0 run(s), 0 hit(s), 0 error(s), 0 left on base; Athens 0 - State College 2 |
BOTTOM OF THE 3RD |
State College Spikes batting - Pitching for Athens Assassins : RHP Júlio Lucchi
|
Batting: RHB Blair Whitehead
|
0-0: Ball 1-0: Foul Ball, location: 2F 1-1: Called Strike 1-2: Ball 2-2: Ground out U3 (Groundball, 34)
|
Batting: RHB Matt Tucker
|
0-0: Swinging Strike 0-1: Ball 1-1: Called Strike 1-2: Strikes out swinging
|
Batting: RHB Mike Ingram
|
0-0: Called Strike 0-1: Ground out 3-1 (Groundball, 34)
|
Bottom of the 3rd over - 0 run(s), 0 hit(s), 0 error(s), 0 left on base; Athens 0 - State College 2 |
TOP OF THE 4TH |
Athens Assassins batting - Pitching for State College Spikes : RHP Chris Mitchell
|
Batting: RHB Jorge Loanos
|
0-0: Foul Ball, location: 2F 0-1: Ground out 6-3 (Groundball, 6)
|
Batting: RHB Roderick Silva
|
0-0: Ball 1-0: Ball 2-0: Ground out 5-3 (Groundball, 5)
|
Batting: RHB Foster Hapgood
|
0-0: Foul Ball, location: 2F 0-1: Ball 1-1: Fly out, F9 (Flyball, 9D)
|
Top of the 4th over - 0 run(s), 0 hit(s), 0 error(s), 0 left on base; Athens 0 - State College 2 |
BOTTOM OF THE 4TH |
State College Spikes batting - Pitching for Athens Assassins : RHP Júlio Lucchi
|
Batting: RHB Eric Knight
|
0-0: Swinging Strike 0-1: Ball 1-1: Ball 2-1: Swinging Strike 2-2: Strikes out swinging
|
Batting: SHB Thomas Simmons
|
0-0: Called Strike 0-1: Ball 1-1: Swinging Strike 1-2: Strikes out looking
|
Batting: RHB Joaquín Vásquez
|
0-0: Fly out, F9 (Line Drive, 89M)
|
Bottom of the 4th over - 0 run(s), 0 hit(s), 0 error(s), 0 left on base; Athens 0 - State College 2 |
TOP OF THE 5TH |
Athens Assassins batting - Pitching for State College Spikes : RHP Chris Mitchell
|
Batting: RHB Bernardo Corona
|
0-0: Called Strike 0-1: Foul Ball, location: 2F 0-2: Foul Ball, location: 2F 0-2: Foul Ball, location: 2F 0-2: Strikes out looking
|
Batting: RHB Emílio García
|
0-0: Ball 1-0: Fly out, F9 (Flyball, 89S)
|
Batting: SHB David Boyle
|
0-0: Ball 1-0: Called Strike 1-1: Foul Ball, location: 2F 1-2: Strikes out swinging
|
Top of the 5th over - 0 run(s), 0 hit(s), 0 error(s), 0 left on base; Athens 0 - State College 2 |
BOTTOM OF THE 5TH |
State College Spikes batting - Pitching for Athens Assassins : RHP Júlio Lucchi
|
Batting: RHB Alonzo Herrera
|
0-0: Foul Ball, location: 2F 0-1: Ball 1-1: SOLO HOME RUN (Flyball, 78XD), Distance : 422 ft
|
Batting: RHB Diego Benítez
|
0-0: Foul Ball, location: 2F 0-1: Swinging Strike 0-2: Ball 1-2: Strikes out swinging
|
Batting: SHB Greg Butterfield
|
0-0: Ball 1-0: Foul Ball, location: 2F 1-1: Ground out 4-3 (Groundball, 34)
|
Batting: RHB Blair Whitehead
|
0-0: Ball 1-0: Ball 2-0: SINGLE (Groundball, 4MD)
|
Batting: RHB Matt Tucker
|
0-0: DOUBLE (Groundball, 5L) Blair Whitehead to third
|
Batting: RHB Mike Ingram
|
0-0: Ball 1-0: Ground out 1-3 (Groundball, 13)
|
Bottom of the 5th over - 1 run(s), 3 hit(s), 0 error(s), 2 left on base; Athens 0 - State College 3 |
TOP OF THE 6TH |
Athens Assassins batting - Pitching for State College Spikes : RHP Chris Mitchell
|
Batting: RHB Britt Short
|
0-0: Ball 1-0: Ball 2-0: Fly out, F9 (Flyball, 9LMF)
|
Batting: RHB James Anderson
|
0-0: Called Strike 0-1: Ball 1-1: Called Strike 1-2: Foul Ball, location: 2F 1-2: Ball 2-2: Foul Ball, location: 2F 2-2: Ground out 4-3 (Groundball, 4)
|
Batting: RHB Randall Walker
|
0-0: Foul Ball, location: 2F 0-1: Ball 1-1: Ball 2-1: Ball 3-1: Foul Ball, location: 2F 3-2: Strikes out swinging
|
Top of the 6th over - 0 run(s), 0 hit(s), 0 error(s), 0 left on base; Athens 0 - State College 3 |
BOTTOM OF THE 6TH |
State College Spikes batting - Pitching for Athens Assassins : RHP Júlio Lucchi
|
Batting: RHB Eric Knight
|
0-0: Swinging Strike 0-1: Foul Ball, location: 2F 0-2: Ball 1-2: Ball 2-2: Strikes out swinging
|
Batting: SHB Thomas Simmons
|
0-0: Ball 1-0: Ball 2-0: Called Strike 2-1: Called Strike 2-2: Ball 3-2: Foul Ball, location: 2F 3-2: Strikes out swinging
|
Batting: RHB Joaquín Vásquez
|
0-0: Called Strike 0-1: Swinging Strike 0-2: Foul Ball, location: 2F 0-2: Ball 1-2: Foul Ball, location: 2F 1-2: Ball 2-2: Ball 3-2: Foul Ball, location: 2F 3-2: Strikes out looking
|
Bottom of the 6th over - 0 run(s), 0 hit(s), 0 error(s), 0 left on base; Athens 0 - State College 3 |
TOP OF THE 7TH |
Athens Assassins batting - Pitching for State College Spikes : RHP Chris Mitchell
|
Batting: RHB Jorge Loanos
|
0-0: Ball 1-0: Called Strike 1-1: Ground out 5-3 (Groundball, 56)
|
Batting: RHB Roderick Silva
|
0-0: Ball 1-0: Ball 2-0: Foul Ball, location: 2F 2-1: Foul Ball, location: 2F 2-2: Fly out, F7 (Flyball, 7LM)
|
Batting: RHB Foster Hapgood
|
0-0: Ball 1-0: Ball 2-0: Called Strike 2-1: Ground out 3-1 (Groundball, 34)
|
Top of the 7th over - 0 run(s), 0 hit(s), 0 error(s), 0 left on base; Athens 0 - State College 3 |
BOTTOM OF THE 7TH |
State College Spikes batting - Pitching for Athens Assassins : RHP Júlio Lucchi
|
Pitching: RHP James Mantle
|
|
Batting: RHB Alonzo Herrera
|
0-0: Ball 1-0: Foul Ball, location: 2F 1-1: Ball 2-1: Ball 3-1: Base on Balls
|
Batting: RHB Diego Benítez
|
0-0: Ball 1-0: Ball 2-0: Ground out 5-3 (Groundball, 56S) Alonzo Herrera to second
|
Batting: SHB Greg Butterfield
|
0-0: Called Strike 0-1: Ball 1-1: Foul Ball, location: 2F 1-2: Strikes out swinging
|
Batting: RHB Blair Whitehead
|
0-0: Swinging Strike 0-1: Swinging Strike 0-2: Foul Ball, location: 2F 0-2: Strikes out swinging
|
Bottom of the 7th over - 0 run(s), 0 hit(s), 0 error(s), 1 left on base; Athens 0 - State College 3 |
TOP OF THE 8TH |
Athens Assassins batting - Pitching for State College Spikes : RHP Chris Mitchell
|
Pitching: LHP Alberto Ruíz
|
|
Batting: RHB Bernardo Corona
|
0-0: Called Strike 0-1: Ball 1-1: SINGLE (Groundball, 34D)
|
Batting: RHB Emílio García
|
0-0: Ball 1-0: Called Strike 1-1: Fly out, F4 (Popup, 4)
|
Batting: SHB David Boyle
|
0-0: Ball 1-0: Fielders Choice at 2nd, 5-4 (Groundball, 56)
|
Batting: RHB Britt Short
|
0-0: Fly out, F8 (Flyball, 8LM)
|
Top of the 8th over - 0 run(s), 1 hit(s), 0 error(s), 1 left on base; Athens 0 - State College 3 |
BOTTOM OF THE 8TH |
State College Spikes batting - Pitching for Athens Assassins : RHP James Mantle
|
Batting: RHB Matt Tucker
|
0-0: Ground out 5-3 (Groundball, 5)
|
Batting: RHB Mike Ingram
|
0-0: Ball 1-0: Foul Ball, location: 2F 1-1: Foul Ball, location: 2F 1-2: Foul Ball, location: 2F 1-2: Ball 2-2: Fly out, F9 (Flyball, 9LSF)
|
Batting: RHB Eric Knight
|
0-0: Ball 1-0: Foul Ball, location: 2F 1-1: Ground out 5-3 (Groundball, 56)
|
Bottom of the 8th over - 0 run(s), 0 hit(s), 0 error(s), 0 left on base; Athens 0 - State College 3 |
TOP OF THE 9TH |
Athens Assassins batting - Pitching for State College Spikes : LHP Alberto Ruíz
|
Pitching: RHP Esteban Garza
|
|
Batting: RHB James Anderson
|
0-0: Called Strike 0-1: Foul Ball, location: 2F 0-2: Strikes out looking
|
Batting: RHB Randall Walker
|
0-0: Ball 1-0: Foul Ball, location: 2F 1-1: Called Strike 1-2: Strikes out looking
|
Batting: RHB Jorge Loanos
|
0-0: Called Strike 0-1: Ball 1-1: Ball 2-1: Called Strike 2-2: SINGLE (Line Drive, 56D)
|
Batting: RHB Roderick Silva
|
0-0: Ball Passed Ball! Jorge Loanos to second 1-0: Called Strike 1-1: Ball 2-1: Foul Ball, location: 2F 2-2: Foul Ball, location: 2F 2-2: Ball 3-2: Strikes out swinging
|
Top of the 9th over - 0 run(s), 1 hit(s), 0 error(s), 1 left on base; Athens 0 - State College 3 |
|